 Dungeon Crawl Stone Soup version 0.32-a0-928-g1cae6b7ea0 (webtiles) character file.

Game seed: 16036167836681867068

276292 HyperOdds the Crack Shot (level 21, -4/156 HPs)
             Began as a Formicid Wanderer on Apr 12, 2024.
             Was the Champion of Hepliaklqana.
             Killed from afar by a deep elf elementalist (23 damage)
             ... with a blast of rock fragments
             ... on level 3 of the Elven Halls.
             The game lasted 01:14:22 (37448 turns).

HyperOdds the Crack Shot (Formicid Wanderer)       Turns: 37448, Time: 01:14:24

Health: -4/156     AC: 14    Str: 19    XL:     21   Next: 22%
Magic:  28/29      EV: 27    Int: 13    God:    Hepliaklqana [******]
Gold:   2062       SH: 40    Dex: 33    Spells: 20/20 levels left

rFire   . . .        k - +9 triple crossbow (freeze)
rCold   . . .        c - +10 tower shield of Ignorance {rN+ Int-4}
rNeg    + . .        E - +2 acid dragon scales
rPois   .            (helmet unavailable)
rElec   .            j - +0 cloak
rCorr   +            m - +0 pair of gloves
SInv    +            o - +0 pair of boots
Will    +++..        R - amulet of the Snail {Reflect -Tele Int+4 SH+5}
Stlth   ++++         B - +6 ring of dexterity
HPRegen 0.46/turn    G - +6 ring of dexterity
MPRegen 0.21/turn

%: reflection
@: no status effects
A: reduced essence, permanent stasis, dig shafts and tunnels, antennae 3, four
strong arms, strong-willed 1
}: 2/15 runes: decaying, serpentine
a: Dig, Shaft Self, Renounce Religion, Recall Ancestor, Ancestor Identity,
Transference, Idealise


You were on level 3 of the Elven Halls.
You worshipped Hepliaklqana.
Hepliaklqana was exalted by your worship.
You visited 7 branches of the dungeon, and saw 34 of its levels.
You also visited: Gauntlet, Ice Cave and Wizlab.

You collected 3831 gold pieces.
You spent 1769 gold pieces at shops.

Inventory:

Hand Weapons
 k - a +9 triple crossbow of freezing (weapon)
Armour
 c - the +10 tower shield of Ignorance (worn) {rN+ Int-4}
   (You found it on level 4 of the Swamp)

   Int-4:     It affects your intelligence (-4).
   rN+:       It protects you from negative energy.
 j - a +0 cloak (worn)
 m - a +0 pair of gloves (worn)
 o - a +0 pair of boots (worn)
 v - a +1 kite shield of poison resistance
 C - a +2 leather armour of poison resistance
 E - +2 acid dragon scales (worn)
 L - the +1 leather armour of a bazaar {Fly rElec rF+}
   (You found it on level 3 of the Lair of Beasts)

   rF+:       It protects you from fire.
   rElec:     It insulates you from electricity.
   Fly:       It grants you flight.
 X - a +1 robe of resistance
Jewellery
 t - a +5 ring of evasion
 A - a ring of willpower
 B - a +6 ring of dexterity (left hand)
 F - a ring of protection from fire
 G - a +6 ring of dexterity (right hand)
 I - a ring of protection from cold
 J - an amulet of faith
 P - a ring of poison resistance
 Q - a ring of magical power
 R - the amulet of the Snail (around neck) {Reflect -Tele Int+4 SH+5}
   (You took it off a deep elf knight on level 1 of the Elven Halls)

   [amulet of reflection]

   Reflect:   It reflects blocked missile attacks.
   Int+4:     It affects your intelligence (+4).
   -Tele:     It prevents most forms of teleportation.
   SH+5:      It affects your SH (+5).
 S - a +6 ring of intelligence
 W - a ring of wizardry
 Y - the amulet of the Vendetta {rElec rC+ RegenMP+}
   (You found it in an ice cave)

   [amulet of magic regeneration]

   It increases your rate of magic regeneration.
   rC+:       It protects you from cold.
   rElec:     It insulates you from electricity.
   RegenMP+:  It increases your rate of magic regeneration.
Wands
 h - a wand of flame (66)
 u - a wand of polymorph (14)
 x - a wand of mindburst (54)
 y - a wand of paralysis (47)
 D - a wand of digging (17)
 U - a wand of roots (18)
 V - a wand of light (8)
Scrolls
 a - 5 scrolls of vulnerability
 b - 8 scrolls of fog
 f - a scroll of brand weapon
 g - 3 scrolls of fear
 i - 4 scrolls of enchant armour
 w - 9 scrolls of revelation
 K - 2 scrolls of amnesia
 N - 7 scrolls of poison
 Z - 4 scrolls of immolation
Potions
 d - 3 potions of might
 e - 6 potions of berserk rage
 l - 4 potions of heal wounds
 n - 3 potions of resistance
 p - 2 potions of attraction
 q - 12 potions of curing
 r - 6 potions of mutation
 s - 10 potions of enlightenment
 z - a potion of lignification
 H - a potion of magic
 M - 4 potions of brilliance
 O - a potion of cancellation
 T - 3 potions of invisibility


   Skills:
 + Level 17.2 Fighting
 * Level 21.7 Ranged Weapons
 + Level 7.7 Armour
 + Level 15.1 Dodging
 - Level 6.0 Stealth
 * Level 18.5 Shields
 - Level 11.0 Invocations
 - Level 6.0 Evocations


You had 20 spell levels left.
You didn't know any spells.
Your spell library contained the following spells:

 Spells                   Type           Power      Damage    Failure   Level
 Necrotise                Necr           0%         1d4       63%         1
 Call Imp                 Summ           0%         N/A       77%         2
 Ensorcelled Hibernation  Hex/Ice        0%         N/A       77%         2
 Sublimation of Blood     Necr           0%         N/A       77%         2
 Call Canine Familiar     Summ           0%         N/A       94%         3
 Dazzling Flash           Conj/Hex       0%         N/A       94%         3
 Inner Flame              Hex/Fire       0%         N/A       94%         3
 Mephitic Cloud           Conj/Alch/Air  0%         N/A       94%         3
 Passwall                 Erth           0%         N/A       94%         3
 Sigil of Binding         Hex            0%         N/A       94%         3
 Summon Ice Beast         Ice/Summ       0%         N/A       94%         3
 Tukima's Dance           Hex            0%         N/A       94%         3
 Vampiric Draining        Necr           0%         2d6       94%         3
 Volatile Blastmotes      Fire/Tloc      0%         2d10      94%         3
 Dimensional Bullseye     Hex/Tloc       0%         N/A       100%        4
 Flame Wave               Conj/Fire      0%         2d4       100%        4
 Iskenderun's Mystic Bla Conj/Tloc 0%             2d3        (+2d1     100%        4
 Martyr's Knell           Necr/Summ      0%         N/A       100%        4
 Sticky Flame             Fire/Alch      0%         2d4       100%        4
 Curse of Agony           Necr           0%         N/A       100%        5
 Silence                  Hex/Air        0%         N/A       100%        5
 Summon Mana Viper        Hex/Summ       0%         N/A       100%        5
 Bombard                  Conj/Erth      0%         9d1       100%        6
 Monstrous Menagerie      Summ           0%         N/A       100%        7
 Summon Hydra             Summ           0%         N/A       100%        7
 Swiftness                Air            Unusable   N/A       N/A         3
 Vhi's Electric Charge    Tloc/Air       Unusable   N/A       N/A         4

Dungeon Overview and Level Annotations

Branches:
Dungeon (15/15)            Temple (1/1) D:7            Lair (5/5) D:10
  Swamp (4/4) Lair:2        Snake (4/4) Lair:2        Slime (0/5) Lair:5
    Orc (2/2) D:12            Elf (3/3) Orc:2        Vaults (0/5) D:13
 Depths (0/4) D:15          IceCv (visited)          WizLab (visited)
Gauntlet (visited)

Altars:
Ashenzari
Cheibriados
Dithmenos
Elyvilon
Fedhas
Gozag
Hepliaklqana
Kikubaaqudgha
Makhleb
Nemelex Xobeh
Okawaru
Qazlal
Ru
Sif Muna
Trog
Uskayaw
Vehumet
Wu Jian
Xom
Yredelemnul
Zin
The Shining One
Beogh
Jiyva

Shops:
D:9 *   D:14 :   Orc:2 [!:!   Elf:2 *   Snake:1 =!(   Snake:3 ?((

Portals:
Trove: D:11 (give 2 scrolls of acquirement)

Annotations:
D:5 2 transporters, basamash's ghost, amateur MiFi
D:8 3 runed translucent doors, senseless's ghost, novice MiBe
Swamp:3 3 runed translucent doors, Roxanne; xzight's ghost, adept MiBe
Snake:1 2 transporters, Mlioglotl; Ymoomn's ghost, adept MiBe
Snake:2 1 runed translucent door, Vuarud's ghost, journeyman FeSu
Orc:2 2 transporters, OptimalSoap's ghost, journeyman MiFi


Innate Abilities, Weirdness & Mutations

Your life essence is reduced to manifest your ancestor. (-10% HP)
You cannot be hasted, slowed, berserked, paralysed or teleported.
You can dig through walls and to a lower floor.
You have a pair of large antennae on your head. (SInv)
Your four strong arms can wield two-handed weapons with a shield.
You are strong-willed. (Will+)


Message History

The deep elf elementalist points next to you and mumbles some strange words.
The wall shatters!
The blast of rock fragments hits you!
You block the deep elf annihilator's attack.
You hear a shout!
You take 27 damage, and have 82/156 hp.
Unknown command.
Unknown command.
You shoot a bolt.
The bolt closely misses the deep elf annihilator.
You block the deep elf annihilator's attack.
The deep elf elementalist casts a spell next to you.
The wall shatters!
The blast of rock fragments hits you.
You hear a shout! x2
Unknown command.
You take 5 damage, and have 77/156 hp.
Unknown command.
You shoot a bolt.
The bolt barely misses the deep elf annihilator.
The deep elf elementalist casts a spell at you.
The freezing blast engulfs you!!!
* * * LOW HITPOINT WARNING * * *
You block the deep elf annihilator's attack.
The deep elf annihilator gestures wildly while chanting.
The deep elf annihilator blinks!
You take 37 damage, and have 40/156 hp.
MASSIVE DAMAGE!!
Unknown command.
Fire: k) +9 triple crossbow (freeze)
Press: ? - help, Q - select action, (/) - cycle Shift-Dir - straight line, f/p - deep elf annihilator
Aim: a deep elf annihilator, wielding a +0 rapier (almost dead, 75% to hit)
You shoot a bolt.
The bolt closely misses the deep elf annihilator.
The deep elf elementalist casts a spell next to you.
The wall shatters!
The blast of rock fragments hits you!!
* * * LOW HITPOINT WARNING * * *
The blast of rock fragments hits the deep elf annihilator!!!
The deep elf annihilator dies!
The deep elf elementalist gestures next to you while chanting.
The wall shatters!
The blast of rock fragments hits you!!
You die...
Hepliaklqana delivers you to your ancestors. .... { #...#..# eee.

#...#..# #){# #'###..# #.{#
#...'..# #{{# #...#..# #{{# {
#...#..# #.{# { #...#..#
#########..###############...# #
.....#.....).{ee@§).'...)...## #
.....'........#§§§.§#......## #
.....#........#.§§§§#.....##
#'########'######§###'##### {
..R.......................#
...............)..........'..
############################.
≈≈≈≈≈≈≈≈≈≈≈≈≈≈≈≈≈≈≈≈≈≈≈≈≈≈≈## #
~~≈~~~~~~~~~≈~~≈~~≈~~~~~~~≈≈#####


You could see a deep elf master archer and a deep elf elementalist (fast, repels
missiles).

Vanquished Creatures
  An ancient lich (WizLab)
  the Lernaean hydra (Swamp:4)
  Nikola (Snake:1)
  Jorgrun (Swamp:1)
  A deep elf blademaster (Elf:3)
  Agnes (D:15)
  3 nagarajas (Snake:4)
  Aizul (Snake:1)
  A fenstrider witch (Swamp:4)
  A juggernaut zombie (WizLab)
  2 deep elf elementalists
  An orc warlord (Orc:2)
  A deep elf death mage (Elf:1)
  A deep elf demonologist (Elf:3)
  2 deep elf annihilators (Elf:1)
  5 bunyips
  A minotaur (Gauntlet)
  Snorg (D:11)
  2 mummy priests (WizLab)
  A shambling mangrove (Swamp:3)
  2 rakshasas (D:15)
  2 salamander tyrants (Snake:4)
  Fannar (D:11)
  An ice dragon (IceCv)
  15 hydras
  A vault guard (D:13)
  4 anacondas
  3 ogre magi
  3 ghost crabs
  A catoblepas (Lair:5)
  9 alligators
  14 two-headed ogres
  6 centaur warriors
  23 dancing weapons
  11 death yaks
  A death scarab (Gauntlet)
  An orc high priest (Elf:1)
  A tengu warrior (D:12)
  8 spriggans
  11 naga warriors
  13 naga sharpshooters
  6 shock serpents
  An occultist (D:15)
  2 skysharks
  15 deep elf knights
  A skeletal warrior (D:13)
  6 salamander mystics
  2 goliath frogs
  A spectral hydra (Lair:2)
  2 spriggan druids
  5 deep elf archers
  9 mana vipers
  6 swamp dragons
  2 sea snakes (Snake:3)
  A deep troll (Orc:2)
  9 bog bodies
  5 naga ritualists
  A shadow dragon zombie (WizLab)
  22 deep elf pyromancers
  A wolf spider (shapeshifter) (Elf:3)
  20 deep elf zephyrmancers
  2 orc sorcerers
  6 orc knights
  A stone giant zombie (WizLab)
  2 will-o-the-wisps
  4 manticores
  Maurice (D:9)
  6 cyclopes
  26 salamanders
  13 elephants
  2 ice statues (IceCv)
  3 guardian serpents
  3 kobold blastminers (Orc:2)
  30 black mambas
  A gargoyle (D:13)
  8 cane toads
  A centaur skeleton (D:15)
  7 naga magi
  A kobold demonologist (D:12)
  2 unseen horrors
  2 efreet
  A minotaur zombie (Gauntlet)
  2 spriggan zombies (WizLab)
  8 komodo dragons
  3 yaktaurs (D:15)
  5 rime drakes
  A bloated husk (Swamp:1)
  A tengu conjurer (D:15)
  10 trolls
  8 hornets
  6 tyrant leeches
  Grinder (D:6)
  16 blink frogs
  An ettin zombie (WizLab)
  A spectral black mamba (Gauntlet)
  2 slime creatures (Gauntlet)
  10 wyverns
  An air elemental (Elf:2)
  2 water elementals
  A shadow (D:12)
  25 yaks
  Eustachio (D:5)
  2 wraiths
  7 basilisks
  2 fire elementals
  A human (shapeshifter) (D:13)
  Grum (D:11)
  A steam dragon (D:10)
  14 vampire mosquitoes
  A spectral cane toad (Gauntlet)
  A harpy simulacrum (D:15)
  2 tengu zombies (WizLab)
  9 swamp worms
  35 nagas
  2 acid dragons
  11 water moccasins
  6 swamp drakes
  2 black bears
  A black bear (shapeshifter) (D:13)
  An elf zombie (WizLab)
  2 ice beasts (D:6)
  33 orc warriors
  2 laughing skulls
  11 centaurs
  A knight (Snake:2)
  23 ogres
  12 wolves
  A spectral rime drake (Lair:2)
  2 kobold brigands
  12 bullfrogs
  An earth elemental (Elf:2)
  A scorpion (D:5)
  2 gnoll sergeants
  3 wights
  6 killer bees
  4 howler monkeys
  2 lindwurm simulacra (IceCv)
  3 electric eels
  2 lava snakes (Snake:4)
  2 bombardier beetles (D:6)
  5 hounds
  5 komodo dragon simulacra (IceCv)
  11 jellies
  22 orc priests
  An iguana (D:5)
  27 orc wizards
  3 sleepcaps
  9 gnolls
  3 acid dragon simulacra (IceCv)
  14 adders
  A shadow imp (D:6)
  6 white imps
  2 ufetubi (D:6)
  4 steam dragon simulacra (IceCv)
  A ribbon worm (shapeshifter) (Elf:2)
  A dart slug (D:3)
  3 ribbon worms
  103 orcs
  8 ball pythons
  4 bats
  11 endoplasms
  3 giant cockroaches
  7 goblins
  8 hobgoblins
  24 jackals
  17 kobolds
  2 quokkas (D:2)
  2 frilled lizards (D:3)
  6 rats
  A spectral weapon (Snake:1)
1042 creatures vanquished.

Vanquished Creatures (collateral kills)
  A deep elf blademaster (Elf:2)
  Asterion (Snake:1)
  A nagaraja (Snake:4)
  An eleionoma (Swamp:1)
  A bunyip (Swamp:2)
  A deep elf annihilator (Elf:3)
  Josephine (D:15)
  2 hydras (Swamp:4)
  2 anacondas
  A centaur warrior (D:13)
  2 alligators (Swamp:1)
  5 dancing weapons
  7 two-headed ogres
  2 catoblepae (Lair:5)
  2 naga warriors
  4 spriggans
  2 death yaks (Lair:5)
  A tengu warrior (D:15)
  2 naga sharpshooters (Snake:4)
  A shock serpent (Snake:1)
  An orc high priest (Orc:2)
  A storm dragon zombie (WizLab)
  4 deep elf knights
  4 deep elf archers
  2 goliath frogs
  4 skeletal warriors (D:13)
  A salamander mystic (Snake:2)
  3 mana vipers
  3 swamp dragons (Swamp:4)
  A deep troll (Orc:2)
  3 bog bodies
  A lindwurm (Lair:5)
  A necromancer (D:15)
  4 deep elf pyromancers
  2 deep elf zephyrmancers (Elf:1)
  3 orc knights (Orc:2)
  A manticore (D:14)
  A fire giant zombie (WizLab)
  8 salamanders
  A demonspawn zombie (WizLab)
  4 black mambas
  3 elephants (Lair:5)
  A guardian serpent (Snake:4)
  2 centaur skeletons (D:15)
  A naga mage (Snake:2)
  A rime drake (Lair:3)
  A tengu conjurer (D:15)
  A komodo dragon (Lair:5)
  2 guardian mummies (WizLab)
  A polar bear (Lair:2)
  A troll (Orc:2)
  2 tyrant leeches (Swamp:1)
  5 hornets
  A blink frog (Lair:4)
  A slime creature (Lair:2)
  3 wraiths (D:15)
  8 yaks
  A basilisk (Lair:4)
  A wyvern (D:9)
  A steam dragon (D:9)
  3 vampire mosquitoes
  A swamp worm (Swamp:2)
  7 nagas
  A spectral cane toad (Lair:2)
  2 human zombies (WizLab)
  3 swamp drakes (Swamp:4)
  5 orc warriors
  2 laughing skulls
  2 ogres
  5 wolves
  A centaur (D:11)
  2 bullfrogs
  An earth elemental (Elf:1)
  A spectral water moccasin (Lair:2)
  4 killer bees (D:11)
  3 komodo dragon simulacra (IceCv)
  4 orc priests
  2 jellies (Lair:2)
  6 orc wizards
  3 acid dragon simulacra (IceCv)
  3 adders (Lair:4)
  8 white imps (D:13)
  A steam dragon simulacrum (IceCv)
  18 orcs
  7 endoplasms (Lair:2)
  A kobold (D:10)
  A spectral weapon (Snake:1)
227 creatures vanquished.

Vanquished Creatures (others)
  A deep elf sorcerer (Elf:3)
  A deep elf annihilator (Elf:3)
  A deep elf knight (Elf:2)
  A goliath frog (Swamp:1)
  A rime drake (IceCv)
  3 bloated husks
  4 ancestors
  33 knights
45 creatures vanquished.

Grand Total: 1314 creatures vanquished

Notes
Turn   | Place    | Note
-------+----------+-------------------------------------------
     0 | D:1      | HyperOdds the Formicid Wanderer began the quest for the
                  | Orb.
     0 | D:1      | HyperOdds set off with the following items: a +2 sling, a
                  | scroll of fog, a +0 scale mail, a potion of lignification.
     0 | D:1      | Reached XP level 1. HP: 15/15 MP: 1/1
   109 | D:1      | Reached XP level 2. HP: 20/21 MP: 2/2
   332 | D:1      | Reached XP level 3. HP: 26/26 MP: 3/3
   471 | D:1      | Reached skill level 5 in Ranged Weapons
   936 | D:2      | Reached XP level 4. HP: 25/32 MP: 4/4
  1671 | D:3      | Found a stormy altar of Qazlal.
  1795 | D:3      | Reached XP level 5. HP: 37/37 MP: 5/5
  1824 | D:3      | Reached skill level 6 in Ranged Weapons
  1956 | D:3      | Found a radiant altar of Vehumet.
  2603 | D:4      | Found a white marble altar of Elyvilon.
  2735 | D:4      | Reached skill level 1 in Dodging
  2735 | D:4      | Reached XP level 6. HP: 42/45 MP: 6/6
  2994 | D:5      | Entered Level 5 of the Dungeon
  3001 | D:5      | Noticed an orc warrior
  3093 | D:5      | Killed an orc warrior
  3094 | D:5      | Reached skill level 1 in Shields
  3257 | D:5      | Reached XP level 7. HP: 44/52 MP: 7/7
  3370 | D:5      | Reached skill level 7 in Ranged Weapons
  3459 | D:5      | Found a transporter.
  3468 | D:5      | Noticed basamash's ghost (amateur MiFi)
  3473 | D:5      | Found a transporter.
  3496 | D:5      | Found a shimmering altar of Xom.
  3807 | D:5      | Noticed Eustachio
  3832 | D:5      | Killed Eustachio
  3833 | D:5      | Reached skill level 1 in Evocations
  3833 | D:5      | Reached XP level 8. HP: 61/61 MP: 8/8
  3906 | D:5      | Found a sparkling altar of Nemelex Xobeh.
  3991 | D:6      | Reached skill level 5 in Fighting
  4628 | D:6      | Noticed Grinder
  4649 | D:6      | Killed Grinder
  4650 | D:6      | Reached skill level 8 in Ranged Weapons
  4650 | D:6      | Reached XP level 9. HP: 63/69 MP: 9/9
  4922 | D:6      | Reached skill level 5 in Armour
  5494 | D:7      | Found a staircase to the Ecumenical Temple.
  5576 | D:7      | Reached skill level 5 in Shields
  5624 | Temple   | Entered the Ecumenical Temple
  5639 | Temple   | Became a worshipper of Hepliaklqana the Forgotten
  5782 | D:7      | Found an ornate altar of the Wu Jian Council.
  6061 | D:7      | Found a blossoming altar of Fedhas.
  6272 | D:8      | Noticed a cyclops
  6500 | D:8      | Reached XP level 10. HP: 77/77 MP: 10/10
  6516 | D:8      | Reached skill level 9 in Ranged Weapons
  6542 | D:8      | Noticed senseless's ghost (novice MiBe)
  6542 | D:8      | Noticed a ten-headed hydra
  6543 | D:8      | Found a runed translucent gate.
  6543 | D:8      | Found a runed translucent gate.
  6543 | D:8      | Noticed an 11-headed hydra
  6618 | D:8      | Found a runed translucent gate.
  6884 | D:8      | Reached skill level 5 in Stealth
  7107 | D:8      | Killed a cyclops
  7276 | D:9      | Found Yraif's General Store.
  7302 | D:9      | Reached * piety under Hepliaklqana
  7424 | D:9      | Found a glowing golden altar of the Shining One.
  7760 | D:9      | Reached skill level 10 in Ranged Weapons
  7760 | D:9      | Reached skill level 5 in Evocations
  7982 | D:9      | Noticed Maurice
  7990 | D:9      | Killed Maurice
  7991 | D:9      | Reached skill level 5 in Dodging
  8090 | D:10     | Entered Level 10 of the Dungeon
  8147 | D:10     | Noticed an unseen horror
  8160 | D:9      | Reached XP level 11. HP: 75/77 MP: 9/11
  8435 | D:10     | Found a staircase to the Lair.
  8451 | D:10     | Found Goetis's Antique Armour Emporium.
  8520 | D:10     | Noticed a manticore
  8538 | D:10     | Killed a manticore
  8631 | D:10     | Reached skill level 11 in Ranged Weapons
  9206 | Lair:1   | Entered Level 1 of the Lair of Beasts
  9322 | Lair:1   | Reached ** piety under Hepliaklqana
  9323 | Lair:1   | Remembered your ancestor Ka F'lods as a knight
 10144 | Lair:2   | Reached skill level 12 in Ranged Weapons
 10185 | Lair:2   | Found a staircase to the Snake Pit.
 10232 | Lair:2   | Reached XP level 12. HP: 86/86 MP: 12/12
 10232 | Lair:2   | Reached *** piety under Hepliaklqana
 10361 | Lair:2   | Reached skill level 1 in Invocations
 10615 | Lair:2   | Found a staircase to the Swamp.
 10615 | Lair:2   | Noticed a ghost crab
 10633 | Lair:2   | Killed a ghost crab
 10798 | Lair:2   | Reached skill level 10 in Fighting
 10988 | Lair:3   | Noticed a seven-headed hydra
 10995 | Lair:3   | Killed a seven-headed hydra
 11035 | Lair:3   | Noticed a skyshark
 11043 | Lair:3   | Killed a skyshark
 11044 | Lair:3   | Reached skill level 13 in Ranged Weapons
 11308 | Lair:3   | Identified the +1 leather armour of a bazaar {Fly rElec
                  | rF+}
 11419 | Lair:3   | Reached skill level 5 in Invocations
 11425 | Lair:3   | Reached XP level 13. HP: 93/93 MP: 16/16
 12119 | Lair:4   | Reached **** piety under Hepliaklqana
 12295 | Lair:4   | Reached skill level 14 in Ranged Weapons
 12948 | Lair:5   | Entered Level 5 of the Lair of Beasts
 13117 | Lair:5   | Noticed a five-headed hydra
 13122 | Lair:5   | Killed a five-headed hydra
 13408 | Lair:5   | Reached XP level 14. HP: 102/102 MP: 19/19
 13559 | Lair:5   | Reached skill level 15 in Ranged Weapons
 13716 | Lair:5   | Found a viscous altar of Jiyva.
 13716 | Lair:5   | Found a staircase to the Slime Pits.
 13966 | Lair:5   | Reached ***** piety under Hepliaklqana
 15569 | D:11     | Found a gate leading to a gauntlet.
 15569 | D:11     | Found a portal to a secret trove of treasure.
 15613 | Gauntlet | Entered a Gauntlet
 15613 | Gauntlet | Found a transporter.
 15620 | Gauntlet | Found a transporter.
 15622 | Gauntlet | Found a transporter.
 15633 | Gauntlet | Found a transporter.
 15636 | Gauntlet | Found a transporter.
 15644 | Gauntlet | Found a transporter.
 15660 | Gauntlet | Found a runed translucent door.
 15661 | Gauntlet | Found a transporter.
 15672 | Gauntlet | Found a transporter.
 15684 | Gauntlet | Found a transporter.
 15703 | Gauntlet | Found a transporter.
 15714 | Gauntlet | Found a transporter.
 15714 | Gauntlet | Found a transporter.
 15756 | Gauntlet | Found a runed translucent door.
 15760 | Gauntlet | Found a runed translucent door.
 15769 | Gauntlet | Found a runed translucent door.
 15774 | Gauntlet | Found a transporter.
 15774 | Gauntlet | Found a transporter.
 15872 | Gauntlet | Reached skill level 16 in Ranged Weapons
 16115 | Gauntlet | Noticed a minotaur
 16132 | Gauntlet | Killed a minotaur
 16391 | D:11     | Reached skill level 10 in Dodging
 16466 | D:11     | Noticed Snorg
 16477 | D:11     | Killed Snorg
 16484 | D:11     | Noticed Grum
 16491 | D:11     | Killed Grum
 16582 | D:11     | Reached XP level 15. HP: 109/109 MP: 22/22
 16618 | D:11     | Noticed Fannar
 16639 | D:11     | Killed Fannar
 17514 | D:12     | Found a staircase to the Orcish Mines.
 17548 | D:12     | Reached skill level 10 in Invocations
 17675 | Orc:1    | Entered Level 1 of the Orcish Mines
 18163 | Orc:2    | Entered Level 2 of the Orcish Mines
 18357 | Orc:2    | Noticed an orc warlord
 18547 | Orc:2    | Found a transporter.
 18551 | Orc:2    | Noticed OptimalSoap's ghost (journeyman MiFi)
 18554 | Orc:2    | Noticed an orc warlord
 18558 | Orc:2    | Found a transporter.
 18694 | Orc:2    | Found a staircase to the Elven Halls.
 18829 | Orc:2    | Killed an orc warlord
 19068 | Orc:2    | Reached skill level 17 in Ranged Weapons
 19280 | Orc:2    | Found Soentapo's Antique Armour Boutique.
 19284 | Orc:2    | Found Ecuinish's Distillery.
 19289 | Orc:2    | Found Warickijir's Book Shoppe.
 19309 | Orc:2    | Found Fumeurgh's Distillery.
 19431 | Orc:2    | Reached XP level 16. HP: 89/117 MP: 24/24
 19588 | Orc:2    | Found a roughly hewn altar of Beogh.
 19670 | Orc:2    | Bought a potion of enlightenment for 85 gold pieces
 19670 | Orc:2    | Bought a potion of heal wounds for 85 gold pieces
 19670 | Orc:2    | Bought a potion of curing for 51 gold pieces
 19670 | Orc:2    | Bought a potion of curing for 51 gold pieces
 19670 | Orc:2    | Bought a potion of heal wounds for 85 gold pieces
 19670 | Orc:2    | Bought a potion of invisibility for 136 gold pieces
 19670 | Orc:2    | Bought 2 potions of curing for 102 gold pieces
 19670 | Orc:2    | Bought a potion of mutation for 136 gold pieces
 19670 | Orc:2    | Bought a potion of mutation for 136 gold pieces
 19680 | Orc:2    | Bought a potion of mutation for 96 gold pieces
 19680 | Orc:2    | Gained mutation: You are strong-willed. (Will+) [potion of
                  | mutation]
 20011 | D:12     | Found a roughly hewn altar of Beogh.
 20352 | D:13     | Found a frozen archway.
 20373 | IceCv    | Entered an ice cave
 20849 | IceCv    | Identified the amulet of the Vendetta {rElec rC+ RegenMP+}
 21115 | D:13     | Found a gate to the Vaults.
 22539 | D:14     | Found Aphe's Book Emporium.
 22577 | D:15     | Entered Level 15 of the Dungeon
 23036 | D:15     | Noticed Josephine
 23053 | D:15     | Killed Josephine
 23136 | D:15     | Noticed Agnes
 23152 | D:15     | Killed Agnes
 23179 | D:15     | Identified the +4 hand axe "Rummage" {venom, rF+ Stlth+}
 23469 | D:15     | Reached skill level 18 in Ranged Weapons
 23865 | D:15     | Found a staircase to the Depths.
 23875 | D:15     | Reached XP level 17. HP: 125/125 MP: 25/25
 24206 | Snake:1  | Entered Level 1 of the Snake Pit
 24326 | Snake:1  | Noticed Mlioglotl
 24551 | Snake:1  | Found Loyxoxt's Weapon Boutique.
 24553 | Snake:1  | Found Veunapp's Distillery.
 24557 | Snake:1  | Found Baenuh's Jewellery Boutique.
 24560 | Snake:1  | Bought a +0 triple crossbow for 160 gold pieces
 24572 | Snake:1  | Bought a ring of protection from fire for 350 gold pieces
 24668 | Snake:1  | Identified the serpent talisman of Death's Door {Dex+4}
 24668 | Snake:1  | Noticed Aizul
 24672 | Snake:1  | Killed Aizul
 24690 | Snake:1  | Noticed Nikola
 24709 | Snake:1  | Killed Nikola
 25090 | Snake:1  | Found a transporter.
 25091 | Snake:1  | Noticed Ymoomn's ghost (adept MiBe)
 25093 | Snake:1  | Found a bloodstained altar of Trog.
 25109 | Snake:1  | Found a transporter.
 25602 | Snake:2  | Identified the +3 kite shield "Jeullitt" {Harm *Slow rPois
                  | Regen+}
 25602 | Snake:2  | Noticed Asterion
 25799 | Snake:1  | Reached skill level 10 in Shields
 25876 | Snake:1  | Killed Asterion
 26165 | Snake:2  | Found a runed translucent door.
 26165 | Snake:2  | Noticed Vuarud's ghost (journeyman FeSu)
 26716 | Snake:2  | Reached skill level 19 in Ranged Weapons
 26767 | Snake:2  | Reached skill level 15 in Fighting
 27272 | Snake:3  | Reached ****** piety under Hepliaklqana
 27346 | Snake:3  | Reached XP level 18. HP: 134/134 MP: 26/26
 27388 | Snake:3  | Found Sauniug's Weapon Shop.
 27388 | Snake:3  | Found Lacoump's Magic Scroll Boutique.
 27606 | Snake:3  | Found Yha Taj's Antique Weapon Boutique.
 27610 | Snake:3  | Bought a bloodstained shortbow for 296 gold pieces
 27610 | Snake:3  | Identified the +9 shortbow of the Yoke {heavy, Int+5} (You
                  | bought it in a shop on level 3 of the Snake Pit)
 28033 | Snake:4  | Entered Level 4 of the Snake Pit
 29604 | Snake:4  | Identified the +0 plate armour of Understanding {+Inv rN++
                  | Str+2 Int-5}
 29826 | Snake:4  | Got a serpentine rune of Zot
 29959 | Swamp:1  | Entered Level 1 of the Swamp
 29967 | Swamp:1  | Reached skill level 20 in Ranged Weapons
 30157 | Swamp:1  | Noticed Jorgrun
 30163 | Swamp:1  | Killed Jorgrun
 30164 | Swamp:1  | Reached XP level 19. HP: 141/141 MP: 27/27
 30869 | Swamp:2  | Reached skill level 15 in Shields
 31286 | Swamp:3  | Found a runed translucent gate.
 31286 | Swamp:3  | Found a runed translucent gate.
 31286 | Swamp:3  | Found a runed translucent gate.
 31292 | Swamp:3  | Noticed xzight's ghost (adept MiBe)
 31418 | Swamp:3  | Noticed Roxanne
 31727 | Swamp:4  | Entered Level 4 of the Swamp
 32240 | Swamp:4  | Noticed the 27-headed Lernaean hydra
 33091 | Swamp:4  | Killed the 27-headed Lernaean hydra
 33124 | Swamp:4  | Found the +10 tower shield of Ignorance {rN+ Int-4}
 33132 | Swamp:4  | Got a decaying rune of Zot
 33775 | Elf:1    | Entered Level 1 of the Elven Halls
 33784 | Elf:1    | Reached XP level 20. HP: 126/149 MP: 28/28
 34008 | Elf:1    | Reached skill level 21 in Ranged Weapons
 34057 | Elf:1    | Identified the +3 leather armour "Opiur" {Rampage Will-
                  | Slay+4 Stlth-}
 34546 | Elf:1    | Identified the amulet of the Snail {Reflect -Tele Int+4
                  | SH+5}
 35370 | Elf:2    | Found a magical portal.
 35379 | WizLab   | Entered Doroklohe's Tomb
 35684 | WizLab   | Noticed an ancient lich
 35689 | WizLab   | Killed an ancient lich
 36140 | Elf:2    | Found Wuqek's General Store.
 36296 | Elf:2    | Found a huge runed translucent gate.
 36296 | Elf:2    | Found a huge runed translucent gate.
 36300 | Elf:2    | Found a huge runed translucent gate.
 36301 | Elf:2    | Found a huge runed translucent gate.
 36302 | Elf:2    | Found a huge runed translucent gate.
 36555 | Elf:2    | Reached skill level 15 in Dodging
 36718 | Elf:2    | Reached XP level 21. HP: 156/156 MP: 29/29
 36888 | Elf:3    | Entered Level 3 of the Elven Halls
 37448 | Elf:3    | Killed from afar by a deep elf elementalist

Illustrated notes

Levels and vault maps discovered:
D:1:      minmay_arrival_wavy_path, layout_basic, serial_bayou_lake_a
D:2:      layout_basic
D:3:      layout_loops_cross, overflow_temple_1_default,
          mainiacjoe_overflow_cross_hatched, kennysheep_doodads, minmay_between
D:4:      layout_cave_pools, mainiacjoe_overflow_small_starburst
D:5:      layout_basic, mainiacjoe_overflow_alcove_1, nemelex_altar_shiori,
          gammafunk_ghost_hive, dreamdust_princess_corridor, bh_walls_and_bars,
          uniq_eustachio
D:6:      layout_loops_cross, minmay_circle_x, uniq_grinder
D:7:      layout_basic, lemuel_crystal_altar, nzn_wu_jian_contemplation,
          temple_statues, skrybe_limestone_x,
          serial_library_hellmonk_open_square
D:8:      layout_loops_cross, gammafunk_ghost_hydra_chop
D:9:      layout_small_grid, nicolae_tso_swordbearing_angel, serial_shops,
          nicolae_diamond_shop, uniq_maurice
D:10:     layout_basic, erik_lair_orcish_takeover, serial_shops, shop
D:11:     layout_rooms, gauntlet_entry_generic, nicolae_trove_entry_free_sample,
          uniq_fannar, uniq_grum, uniq_snorg
D:12:     layout_roguey [special_room_orc], erik_orc_1, special_room
          [special_room_orc]
D:13:     layout_roguey, david_vaults_5, portal_ice_cave_entry_imps,
          interstate_on_off, minmay_misc_feat_more_columns
D:14:     layout_roguey, serial_glass, glass_columns_c, glass_columns_c,
          glass_columns_a, glass_columns_a, glass_columns_b, serial_shops,
          kennysheep_mini
D:15:     grunt_enter_depths_magical_seal, layout_loops_corners, minivault_4,
          uniq_josephine, uniq_agnes
Temple:   compressed_dpeg_circular_temple
Lair:1:   layout_long_grid, infiniplex_staircase_pool
Lair:2:   lemuel_slime, layout_hall_layers, nicolae_swamp_entry_spooky,
          minmay_snake_entry_guardpost_small
Lair:3:   layout_chaotic_city
Lair:4:   minmay_lair_venomous_thicket, layout_small_grid, lemuel_fruit_tree
Lair:5:   evilmike_catoblepas_cave, layout_regular_city, slime_entry_1,
          lemuel_fruit_fields, serial_bayou_shore_b
Swamp:1:  layout_falls_marsh, serial_swamp_ruin, evilmike_swamp_ruin_house_5,
          evilmike_swamp_ruin_rubble_2, uniq_jorgrun
Swamp:2:  layout_basic_swamp, nicolae_swamp_treefoil
Swamp:3:  layout_falls_marsh, ebering_ghost_rock_garden,
          evilmike_swamp_ruin_house_2, uniq_roxanne
Swamp:4:  grunt_swamp_rune_castle, layout_basic_swamp, nicolae_swamp_long_stream
Snake:1:  layout_onion, gammafunk_ghost_wrathful_warriors,
          serial_library_hellmonk_open_square, nicolae_snake_gridmaze_spiral,
          grunt_megastairs_3, minmay_shop_star, uniq_nikola, uniq_aizul,
          uniq_mlioglotl
Snake:2:  nicolae_snake_crotalidae_crossing, layout_gridlike,
          hellmonk_ghost_happy_afterlife, uniq_asterion
Snake:3:  layout_cave_town, serial_shops, nicolae_shop_back_alley_shop,
          minmay_shoptagon, serial_bayou_shore_a
Snake:4:  minmay_snake_end_coiled, layout_gridlike,
          nicolae_snake_salamander_zone
Orc:1:    layout_caves
Orc:2:    st_orc_open, layout_diamond_mine, gammafunk_ghost_arena,
          lightli_church_of_beogh
Elf:1:    eino_elf_arrival_shootout, layout_loops_cross, serial_glass,
          glass_columns_a, glass_columns_a, nicolae_elf_blasts_and_bolts
Elf:2:    elven_hall_of_blades_hangedman_alternative
          [nicolae_blade_entry_diamond_columns], layout_geoelf_diagonals,
          mu_enter_wizlab_3, serial_shops, shop, minivault_4
Elf:3:    minmay_elf_hall_dome, layout_geoelf_castle

Skill      XL: |  1  2  3  4  5  6  7  8  9 10 11 12 13 14 15 16 17 18 19 20 |
---------------+-------------------------------------------------------------+-----
Ranged Weapons | 5 6 7 8 10 12 13 14 16 17 18 19 20 21 | 21.7
Fighting       | 2 3 4 5 6 7 9 10 11 12 13 14 15 16 17 | 17.2
Dodging        | 1 2 3 5 6 7 9 10 11 12 13 14 15 | 15.1
Shields        | 1 3 4 5 6 8 11 14 16 18 | 18.5
Evocations     | 1 2 3 5 6 |  6.0
Stealth        | 2 4 6 |  6.0
Armour         | 5 7 |  7.7
Invocations    | 5 7 9 10 11 | 11.0

Action                     |  1- 3 |  4- 6 |  7- 9 | 10-12 | 13-15 | 16-18 | 19-21 || total
---------------------------+-------+-------+-------+-------+-------+-------+-------++-------
  Melee: Orcbow            |       |       |       |     2 |       |       |       ||     2
   Fire: Sling             |   123 |   243 |   185 |       |       |       |       ||   551
         Arbalest          |       |       |   108 |     3 |       |       |       ||   111
         Orcbow            |       |       |       |   554 |  1222 |   517 |       ||  2293
         Triple crossbow   |       |       |       |       |       |   451 |   563 ||  1014
 Invoke: Recall Ancestor   |       |       |       |     2 |     6 |     3 |     3 ||    14
         Ancestor Identity |       |       |       |     1 |       |       |       ||     1
         Ancestor Life: Kn |       |       |       |     1 |       |       |       ||     1
         Idealise          |       |       |       |       |     4 |     5 |     5 ||    14
         Transference      |       |       |       |       |     1 |       |       ||     1
Ability: Dig               |       |       |       |     2 |     2 |       |       ||     4
  Evoke: Wand              |       |     4 |     8 |     7 |       |       |       ||    19
    Use: Scroll            |     5 |     7 |     5 |     8 |     7 |    10 |     9 ||    51
         Potion            |       |       |       |       |     4 |     2 |     1 ||     7
 Armour: Scale mail        |    69 |    42 |       |       |       |       |       ||   111
         Leather armour    |       |    26 |    12 |       |       |    11 |       ||    49
         Acid dragon scale |       |       |    94 |    67 |   128 |    70 |    42 ||   401
  Dodge: Dodged            |    41 |    82 |   129 |   146 |   188 |   113 |    90 ||   789
  Block: Buckler           |       |     5 |    53 |    44 |   137 |    52 |       ||   291
         Reflection        |       |       |       |       |    11 |    48 |    18 ||    77
         Kite shield       |       |       |       |       |       |   158 |    74 ||   232
         Tower shield      |       |       |       |       |       |       |    68 ||    68

Table legend: (Time is in decaauts)
 A = Elapsed time spent in this place.
 B = Non-inter-level travel time spent in this place.
 C = Inter-level travel time spent in this place.
 D = Time resting spent in this place.
 E = Time spent auto-exploring this place.
 F = Levels seen in this place.
 G = Mean time per level.
                   A        B        C        D        E       F      G
               +--------+--------+--------+--------+--------+-----+--------+
         Total |  37971 |  35649 |   2322 |   9625 |  18350 |  37 | 1026.2 |
       Dungeon |  14689 |  13692 |    997 |   3095 |   7776 |  15 |  979.3 |
        Temple |     30 |      2 |     28 |      0 |      0 |   1 |   30.0 |
          Lair |   6307 |   5855 |    452 |   1393 |   3234 |   5 | 1261.4 |
         Swamp |   3992 |   3772 |    220 |   1201 |   1877 |   4 |  998.0 |
     Snake Pit |   5926 |   5647 |    279 |   1929 |   2571 |   4 | 1481.5 |
  Orcish Mines |   2190 |   2006 |    184 |    692 |    832 |   2 | 1095.0 |
   Elven Halls |   2861 |   2701 |    160 |    436 |   1542 |   3 |  953.7 |
      Ice Cave |    522 |    522 |      0 |    127 |    171 |   1 |  522.0 |
        Wizlab |    752 |    752 |      0 |    450 |    114 |   1 |  752.0 |
      Gauntlet |    697 |    697 |      0 |    299 |    231 |   1 |  697.0 |
               +--------+--------+--------+--------+--------+-----+--------+

Top non-repeatable levels by time:
  Lair:5: 2215 daAuts
 Snake:1: 1863 daAuts
 Swamp:4: 1845 daAuts
 Snake:4: 1786 daAuts
   Orc:2: 1510 daAuts
    D:15: 1322 daAuts
 Snake:2: 1258 daAuts
    D:12: 1257 daAuts
     D:7: 1232 daAuts
     D:5: 1218 daAuts
    D:10: 1205 daAuts
   Elf:1: 1191 daAuts
  Lair:4: 1172 daAuts
  Lair:2: 1148 daAuts
   Elf:2: 1096 daAuts
